 Dungeon Crawl Stone Soup version 0.27-a0-1290-g15d3ce7508 (webtiles) character file.

Game seed: 1987730129452529710

58 Conn the Firebug (level 3, -4/19 HPs)
             Began as a Deep Elf Fire Elementalist on June 15, 2021.
             Succumbed to Sigmund's poison
             ... on level 2 of the Dungeon.
             The game lasted 00:02:32 (2025 turns).

Conn the Firebug (Deep Elf Fire Elementalist)       Turns: 2025, Time: 00:02:33

Health: -4/19      AC:  2    Str:  5    XL:     3   Next: 75%
Magic:  3/10       EV: 13    Int: 20    God:
Gold:   84         SH:  0    Dex: 15    Spells: 2/9 levels left

rFire    . . .     SeeInvis .   d - +0 short sword
rCold    . . .     Faith    .   (no shield)
rNeg     . . .     Spirit   .   a - +0 robe
rPois    .         Reflect  .   (no helmet)
rElec    .         Harm     .   (no cloak)
rCorr    .         Rampage  .   (no gloves)
Will     .....                  (no boots)
Stlth    ++........             (no amulet)
HPRegen  0.06/turn              (no ring)
MPRegen  0.12/turn              (no ring)

@: brilliant, lethally poisoned (-4 -> -27), flying, very slightly contaminated
A: no striking features
a: no special abilities


You were on level 2 of the Dungeon.
You visited 1 branch of the dungeon, and saw 2 of its levels.

You collected 84 gold pieces.

Inventory:

Hand Weapons
 d - a +0 short sword (weapon)
Armour
 a - a +0 robe (worn)
Scrolls
 b - 2 scrolls of identify {unknown}
 e - a scroll of teleportation {unknown}
Potions
 c - a potion of brilliance
 g - a potion of degeneration {unknown}


   Skills:
 + Level 0.2 Short Blades
 + Level 2.7 Dodging
 + Level 2.7 Stealth
 * Level 3.7 Spellcasting
 * Level 1.8 Conjurations
 * Level 4.2 Fire Magic


You had 2 spell levels left.
You knew the following spells:

 Your Spells              Type           Power      Damage    Failure   Level
a - Foxfire               Conj/Fire      96%        2x1d8     3%          1
b - Conjure Flame         Conj/Fire      24%        6-21      11%         3
c - Inner Flame           Hex/Fire       18%        N/A       17%         3

Your spell library contained the following spells:

 Spells                   Type           Power      Damage    Failure   Level
 Sticky Flame             Conj/Fire      24%        2d5       36%         4
 Fireball                 Conj/Fire      12%        3d7       71%         5


Dungeon Overview and Level Annotations

Branches:
Dungeon (2/15)

Altars:

Annotations:
D:2 Sigmund


Message History

Sigmund flickers and vanishes!
Deactivating autopickup; reactivate with Ctrl-A.
The foxfire hits something.
Casting: Foxfire (safe; 3% risk of failure)
Confirm with . or Enter, or press ? or * to list all spells.
You conjure some foxfire!
The foxfire hits something but does no damage.
The foxfire hits something. x2
Casting: Foxfire (safe; 3% risk of failure)
Confirm with . or Enter, or press ? or * to list all spells.
You conjure some foxfire!
The foxfire hits something.
The foxfire hits something but does no damage.
Casting: Foxfire (safe; 3% risk of failure)
Confirm with . or Enter, or press ? or * to list all spells.
You miscast Foxfire.
You are very lightly contaminated with residual magic.
Nothing appears to happen.
Something hits you!
You are lethally poisoned!
Casting: Foxfire (safe; 3% risk of failure)
Confirm with . or Enter, or press ? or * to list all spells.
You conjure some foxfire!
You feel very sick. Something barely misses you.
You feel sick.
The foxfire hits something but does no damage.
The foxfire hits something!
Something hits you.
* * * LOW HITPOINT WARNING * * *
You are more poisoned.
Unknown command.
It was a potion of brilliance.
You feel clever all of a sudden.
* * * LOW HITPOINT WARNING * * *
You feel very sick. Something hits you but does no damage.
You are more poisoned.
It was a potion of flight.
You feel very buoyant.
You fly up into the air.
You die...

#.# #.# #.#
#.# #.# #.#
##.# #.#
#.# ...#
#.# #.#
#### #.#
#.# #.# #.#
#.# #{#
#.#######°#
#........@#
###########


There were no monsters in sight!

Vanquished Creatures
  An adder (D:2)
  A worm (D:2)
  3 dart slugs (D:1)
  2 endoplasms
  4 giant cockroaches (D:2)
  3 goblins (D:2)
  A hobgoblin (D:2)
  3 jackals (D:2)
  5 kobolds
  3 quokkas
  3 ball pythons
  4 bats
  3 frilled lizards (D:2)
  A rat (D:1)
37 creatures vanquished.

Vanquished Creatures (others)
  141 foxfires
141 creatures vanquished.

Grand Total: 178 creatures vanquished

Notes
Turn   | Place    | Note
-------+----------+-------------------------------------------
     0 | D:1      | Conn the Deep Elf Fire Elementalist began the quest for the
                  | Orb.
     0 | D:1      | Reached XP level 1. HP: 10/10 MP: 6/6
   459 | D:1      | Reached XP level 2. HP: 11/15 MP: 2/8
  1345 | D:2      | Reached XP level 3. HP: 19/19 MP: 5/10
  1402 | D:2      | Reached skill level 4 in Fire Magic
  2002 | D:2      | Noticed Sigmund
  2008 | D:2      | Learned a level 3 spell: Conjure Flame
  2012 | D:2      | Learned a level 3 spell: Inner Flame
  2025 | D:2      | Succumbed to Sigmund's poison

Illustrated notes

Levels and vault maps discovered:
D:1:      minmay_arrival_pointy, layout_basic
D:2:      layout_loops_ring, uniq_sigmund

Skill      XL: |  1  2  3 |
---------------+----------+-----
Fire Magic     | 4 |  4.2
Short Blades   | |  0.2
Dodging        | |  2.7
Stealth        | |  2.7
Spellcasting   | |  3.7
Conjurations   | |  1.8

Action                   || total
-------------------------++-------
Melee: Unarmed           ||     2
       Short sword       ||    10
 Cast: Foxfire           ||    81
       Conjure Flame     ||     1
  Use: Potion            ||     2
 Stab: Sleeping          ||     1
Armor: Robe              ||     7
Dodge: Dodged            ||    45

Table legend: (Time is in decaauts)
 A = Elapsed time spent in this place.
 B = Non-inter-level travel time spent in this place.
 C = Inter-level travel time spent in this place.
 D = Time resting spent in this place.
 E = Time spent auto-exploring this place.
 F = Levels seen in this place.
 G = Mean time per level.
                   A        B        C        D        E       F      G
               +--------+--------+--------+--------+--------+-----+--------+
         Total |   2025 |   2007 |     18 |      0 |   1620 |   2 | 1012.5 |
       Dungeon |   2025 |   2007 |     18 |      0 |   1620 |   2 | 1012.5 |
               +--------+--------+--------+--------+--------+-----+--------+

Top non-repeatable levels by time:
     D:1: 1135 daAuts
     D:2: 889 daAuts
